 Dungeon Crawl Stone Soup version 0.30.1-11-g7821555f0a (webtiles) character file.

Game seed: 4458874517241265088

9 ExaltedWalrus the Shooter (level 2, 0/22 HPs)
             Began as a Formicid Hunter on Nov 16, 2023.
             Slain by a kobold
             ... wielding a +0 whip
              (2 damage)
             ... on level 2 of the Dungeon.
             The game lasted 00:01:30 (136 turns).

ExaltedWalrus the Shooter (Formicid Hunter)          Turns: 136, Time: 00:01:30

Health: 0/22       AC:  3    Str: 15    XL:     2   Next: 25%
Magic:  2/2        EV: 12    Int:  8    God:
Gold:   8          SH:  0    Dex: 17    Spells: 1/1 levels left

rFire   . . .        a - +0 shortbow
rCold   . . .        (no shield)
rNeg    . . .        c - +0 leather armour
rPois   .            (helmet unavailable)
rElec   .            (no cloak)
rCorr   .            (no gloves)
SInv    +            (no boots)
Will    .....        (no amulet)
Stlth   ++           (no ring)
HPRegen 0.23/turn    (no ring)
MPRegen 0.08/turn

%: no passive effects
@: no status effects
A: permanent stasis, dig shafts and tunnels, antennae 3, four strong arms
a: Dig, Shaft Self


You were on level 2 of the Dungeon.
You visited 1 branch of the dungeon, and saw 2 of its levels.

You collected 8 gold pieces.

Inventory:

Hand Weapons
 a - a +0 shortbow (weapon)
 f - a +0 whip
Armour
 c - a +0 leather armour (worn)
Scrolls
 b - a scroll of immolation
 d - a scroll of teleportation {unknown}
 e - a scroll of blinking {unknown}


   Skills:
 + Level 2.2 Fighting
 + Level 4.3 Ranged Weapons
 + Level 0.3 Armour
 + Level 1.8 Dodging
 + Level 1.2 Stealth


You had one spell level left.
You didn't know any spells.
Your spell library was empty.

Dungeon Overview and Level Annotations

Branches:
Dungeon (2/15)

Altars:


Innate Abilities, Weirdness & Mutations

You cannot be hasted, slowed, berserked, paralysed or teleported.
You can dig through walls and to a lower floor.
You have a pair of large antennae on your head. (SInv)
Your four strong arms can wield two-handed weapons with a shield.


Message History

The jackal closely misses you. The jackal misses you.
You shoot an arrow. The ball python hisses angrily.
The kobold shouts!
The arrow hits the jackal but does no damage.
The jackal bites you. The hobgoblin hits you. The jackal bites you.
The jackal barely misses you. The hobgoblin hits you.
* * * LOW HITPOINT WARNING * * *
You shoot an arrow.
The arrow hits the jackal but does no damage.
The jackal bites you but does no damage.
The jackal barely misses you.
The jackal bites you but does no damage.
The hobgoblin hits you but does no damage.
You shoot an arrow. The arrow closely misses the jackal.
The arrow hits the ball python!
You kill the ball python!
The jackal bites you but does no damage.
The jackal misses you.
The jackal bites you but does no damage. x2
The hobgoblin barely misses you. The kobold barely misses you.
You shoot an arrow. The arrow barely misses the jackal.
The jackal completely misses you.
The jackal bites you but does no damage.
The hobgoblin barely misses you. The kobold hits you with a +0 whip.
* * * LOW HITPOINT WARNING * * *
The jackal bites you but does no damage.
The jackal barely misses you. The kobold barely misses you.
The hobgoblin closely misses you.
You shoot an arrow. The arrow completely misses the jackal.
The jackal closely misses you. The jackal bites you.
* * * LOW HITPOINT WARNING * * *
The jackal closely misses you. The jackal barely misses you.
The hobgoblin hits you but does no damage.
The kobold barely misses you.
You shoot an arrow. The arrow misses the jackal.
The jackal barely misses you.
The jackal bites you but does no damage.
The hobgoblin hits you.
* * * LOW HITPOINT WARNING * * *
The kobold hits you with a +0 whip.
You die...

###...........<..
#...#####........
#.### ######.##
#.# #.# ##.# #.#
#..# #### #..
...#####.##.....
...
................
#.#
...#...h@.......
.......Kgh......
........l.......
...#.......†<...
## #............
######.#.....
....... ....###


You could see 2 jackals, a hobgoblin, a kobold and a frilled lizard.

Vanquished Creatures
  An endoplasm (D:2)
  3 jackals (D:1)
  A ball python (D:2)
  2 bats (D:1)
  2 kobolds (D:1)
9 creatures vanquished.

Notes
Turn   | Place    | Note
-------+----------+-------------------------------------------
     0 | D:1      | ExaltedWalrus the Formicid Hunter began the quest for the
                  | Orb.
     0 | D:1      | Reached XP level 1. HP: 16/16 MP: 1/1
    70 | D:1      | Reached XP level 2. HP: 1/22 MP: 2/2
   136 | D:2      | Slain by a kobold

Illustrated notes

Levels and vault maps discovered:
D:1:      saegor_arrival_simple_e, layout_loops_cross
D:2:      layout_rooms, minmay_shallow_snake_nest

Action                     || total
---------------------------++-------
   Fire: Shortbow          ||    25
 Armour: Leather armour    ||    30
  Dodge: Dodged            ||    53
